 Dungeon Crawl Stone Soup version 0.29.0-10-g45618ea6d2 (webtiles) character file.

Game seed: 8936743073073331245

45 Flugkiller the Covered (level 3, -5/33 HPs)
             Began as a Minotaur Fighter on Sept 1, 2022.
             Killed from afar by Sigmund (9 damage)
             ... with a puff of flame
             ... on level 2 of the Dungeon.
             The game lasted 00:00:34 (1087 turns).

Flugkiller the Covered (Minotaur Fighter)           Turns: 1087, Time: 00:00:35

Health: -5/33      AC:  7    Str: 20    XL:     3   Next: 42%
Magic:  2/2        EV:  9    Int:  5    God:
Gold:   84         SH:  4    Dex: 11    Spells: 2/2 levels left

rFire   . . .      SeeInvis .   a - +0 war axe
rCold   . . .      Faith    .   c - +0 buckler
rNeg    . . .      Spirit   .   b - +0 scale mail
rPois   .          Reflect  .   (helmet restricted)
rElec   .          Harm     .   (no cloak)
rCorr   .          Rampage  .   (no gloves)
Will    .....                   (no boots)
Stlth   ..........              (no amulet)
HPRegen 0.11/turn               (no ring)
MPRegen 0.08/turn               (no ring)

@: mighty
A: horns 2, retaliatory headbutt
a: no special abilities


You were on level 2 of the Dungeon.
You visited 1 branch of the dungeon, and saw 2 of its levels.

You collected 84 gold pieces.

Inventory:

Hand Weapons
 a - a +0 war axe (weapon)
Armour
 b - a +0 scale mail (worn)
 c - a +0 buckler (worn)
Scrolls
 e - a scroll of blinking {unknown}
 f - a scroll of teleportation {unknown}
 g - a scroll of fear {unknown}
 h - a scroll of identify {unknown}


   Skills:
 + Level 4.1 Fighting
 * Level 3.7 Axes
 + Level 4.1 Armour
 - Level 3.6 Shields


You had 2 spell levels left.
You didn't know any spells.
Your spell library was empty.

Dungeon Overview and Level Annotations

Branches:
Dungeon (2/15)

Altars:
Sif Muna

Annotations:
D:2 Sigmund


Innate Abilities, Weirdness & Mutations

You have a pair of horns on your head.
You reflexively headbutt those who attack you in melee.


Message History

a +0 dagger; a kobold corpse
Found an escape hatch in the floor.
Found a stone staircase leading down.
A ball python comes into view.
The ball python hisses angrily.
There is an escape hatch in the floor here.
You slash the ball python!
You kill the ball python!
No target in view!
No target in view!
No target in view!
No target in view!
No target in view!
No target in view!
Found a robe.
A goblin comes into view. It is wielding a +0 club.
The goblin moves out of view.
A goblin is nearby!
You see here 11 gold pieces.
The goblin hits you with a +0 club.
You barely miss the goblin. The goblin barely misses you.
You block the goblin's attack.
You closely miss the goblin. The goblin hits you but does no damage.
You barely miss the goblin. You headbutt the goblin.
You kill the goblin!
No target in view!
No target in view!
No target in view!
HP restored.
You now have 72 gold pieces (gained 11).
Things that are here:
a +0 club; a goblin corpse You now have 84 gold pieces (gained 12).
A goblin comes into view. It is wielding a +0 club.
The goblin shouts!
A hobgoblin comes into view.
There are monsters nearby!
There are monsters nearby!
The hobgoblin shouts!
The goblin hits you but does no damage.
You slash the goblin!
You kill the goblin!
The hobgoblin completely misses you.
You closely miss the hobgoblin.
The hobgoblin hits you but does no damage.
You completely miss the hobgoblin. Your headbutt misses the hobgoblin.
The hobgoblin hits you but does no damage.
You slash the hobgoblin!
You kill the hobgoblin!
No target in view!
No target in view!
No target in view!
No target in view!
No target in view!
No target in view!
No target in view!
Things that are here:
a +0 club; a goblin corpse
Found a stone staircase leading up.
Found a stone staircase leading down.
An endoplasm comes into view.
The endoplasm quivers.
You hit the endoplasm.
The endoplasm is lightly wounded.
The endoplasm freezes you.
You are frozen.
You slash the endoplasm!
You kill the endoplasm!
No target in view!
No target in view!
No target in view!
No target in view!
No target in view!
Sigmund the Dreaded comes into view.
He is wielding a +1 scythe of distortion.
You feel very mighty all of a sudden.
Sigmund shouts!
A hobgoblin comes into view.
Found a whip.
The hobgoblin shouts!
Sigmund gestures wildly while chanting.
Sigmund flickers and vanishes!
Deactivating autopickup; reactivate with Ctrl-A.
Found a scroll labelled QAUCOU TODAIST.
Something hits you! Space warps around you.
You hear some strange, mumbled words.
You are confused.
Something hits you. Space warps horribly around you!
* * * LOW HITPOINT WARNING * * *
Found a scroll labelled PIUW DASHA.
You bump into the rock wall.
The hobgoblin closely misses you.
A bat comes into view.
The hobgoblin falls through a shaft!
The shaft crumbles and collapses.
The bat barely misses you. The bat attacks as you move away!
The bat hits you but does no damage.
You feel less confused. The bat barely misses you.
You hear some strange, mumbled words.
A puff of flame appears from out of thin air!
The puff of flame hits you!
You die...

...... ...... ......
.....##### #.......#)#
#.......#.# #.......#.#
#....b..#.# #....@..#.#
#.......#.#
#......{#.########
..................>#
###.......#.#.####.#####
.........#.#.# #.......
..?....?..#.#.###..#####
..........#.#.#.....#
.........#.#.#.#...#


You could see a bat.

Vanquished Creatures
  2 bats (D:1)
  3 endoplasms
  4 giant cockroaches (D:1)
  7 goblins
  5 hobgoblins
  2 jackals (D:1)
  6 kobolds
  2 quokkas (D:1)
  3 ball pythons
  A frilled lizard (D:1)
  2 rats (D:1)
37 creatures vanquished.

Notes
Turn   | Place    | Note
-------+----------+-------------------------------------------
     0 | D:1      | Flugkiller the Minotaur Fighter began the quest for the
                  | Orb.
     0 | D:1      | Reached XP level 1. HP: 19/19 MP: 0/0
   147 | D:1      | Reached XP level 2. HP: 21/27 MP: 1/1
   391 | D:1      | Reached XP level 3. HP: 33/33 MP: 2/2
   960 | D:2      | Found a shimmering blue altar of Sif Muna.
  1077 | D:2      | Noticed Sigmund
  1087 | D:2      | Killed from afar by Sigmund

Illustrated notes

Levels and vault maps discovered:
D:1:      nzn_arrival_crosshair, layout_loops_cross, serial_glass,
          glass_columns_a, glass_columns_a, glass_columns_a,
          minmay_strange_pillars, due_unseen_surprise, minmay_strange_pillars,
          minmay_strange_pillars
D:2:      layout_basic, hellmonk_ecumenical_altar_crossroads, basic_altar,
          uniq_sigmund

Skill      XL: |  1  2 |
---------------+-------+-----
Axes           | 3 |  3.7
Fighting       | 4 |  4.1
Armour         | 4 |  4.1
Shields        | |  3.6

Action                   || total
-------------------------++-------
Melee: War axe           ||    75
       Headbutt          ||     9
  Use: Potion            ||     1
Armor: Scale mail        ||    38
Dodge: Dodged            ||    51
Block: Buckler           ||    13
